Cogmind - Beta 14 @@@ ROGUE MODE // 2024.11.23 @ 23:15:05 Player: hoganstuff Result: Destroyed by as-73415 with Assembled Maul Performance ------------- Evolutions (0) 0 Regions Visited (3) 600 Robots Destroyed (16) 80 Value Destroyed (239) 239 Prototype IDs (0) 0 Alien Tech Used (0) 0 Bonus (0) 0 TOTAL SCORE: 919 Bonus ------- None Cogmind --------- Core Integrity 0/250 Matter 263/300 Energy 95/100 System Corruption 2% Temperature Cool (0) Movement Core (50) Location -10/Exiles Parts ------- > --- POWER (1) -------- (None) > --- PROPULSION (2) --- (None) > --- UTILITY (2) ------ (None) > --- WEAPON (2) ------- (None) > --- INVENTORY (5) ---- Improved Heat Sink Seismic Detector Power Shielding Datajack Mining Laser Peak State ------------ > --- POWER ------------ Ion Engine > --- PROPULSION ------- Light Treads Light Treads > --- UTILITY ---------- Small Storage Unit Sensor Array > --- WEAPON ----------- Assault Rifle Light Assault Rifle > --- INVENTORY -------- Improved Heat Sink Small Laser Small Laser Light Assault Rifle Light Assault Rifle Grenade Launcher Datajack Mining Laser [Rating: 8] Favorites ----------- Power Ion Engine Engine Ion Engine Propulsion Light Treads Treads Light Treads Utility Medium Storage Unit Device Sensor Array Storage Medium Storage Unit Protection Power Shielding Weapon Light Assault Rifle Energy Gun Small Laser Ballistic Gun Light Assault Rifle Launcher Grenade Launcher Build | -11 -10 -10 -10 ------- Run | Yrd Mat Min Exi Slots Evolved . | . . . . Power . | . . . . Propulsion . | . . . . Utility . | . . . . Weapon . | . . . . Parts Attached 20 | 7 4 8 1 Power 2 | 1 . 1 . Engine 2 | 1 . 1 . Core . | . . . . Reactor . | . . . . Propulsion 2 | 2 . . . Treads 2 | 2 . . . Leg . | . . . . Wheel . | . . . . Hover . | . . . . Flight . | . . . . Utility 5 | 1 2 2 . Device 2 | . 1 1 . Storage 2 | 1 1 . . Processor . | . . . . Hackware . | . . . . Protection 1 | . . 1 . Artifact . | . . . . Weapon 11 | 3 2 5 1 Energy Gun 2 | 2 . . . Energy Cannon . | . . . . Ballistic Gun 6 | 1 2 3 . Ballistic Cannon . | . . . . Launcher 3 | . . 2 1 Special Weapon . | . . . . Impact Weapon . | . . . . Slashing Weapon . | . . . . Piercing Weapon . | . . . . Special Melee Weapon . | . . . . Unidentified Prototypes . | . . . . Parts Lost 7 | . . 3 4 Power 2 | . . 1 1 Propulsion 2 | . . 1 1 Utility . | . . . . Weapon 3 | . . 1 2 Highest Loss Streak 4 | . . 3 4 To Critical Strikes . | . . . . Average Slot Usage (%) 93 | . 95 94 79 Engine 13 | . 14 13 12 Treads 24 | . 28 24 12 Device 7 | . 10 7 . Storage 14 | . 14 14 14 Protection 3 | . . 6 12 Energy Gun 1 | . 2 . . Ballistic Gun 22 | . 25 22 11 Launcher 3 | . . 4 14 Peak Build Rating 8 | 6 8 8 7 Average Rating 6 | 4 7 7 6 On Entrance 5 | . 6 8 7 Naked Turns 1 | . . . 1 Heaviest Build 20 | 12 19 20 18 Greatest Support 40 | 40 40 40 20 Greatest Overweight (x) 3 | . . . 3 Average Overweight (x) . | . . . . Largest Inventory Capacity 10 | 8 10 10 10 Average Capacity 9 | 7 8 10 9 Most Carried 10 | 1 9 10 8 Average Carried 6 | . 5 8 7 Final Capacity 10 | 8 10 10 5 Final Carried 9 | 1 9 8 5 Class Distribution -------------------- 100% | Mutant Dominant Class ---------------- Mutant | -10/Materials Mutant | -10/Mines Mutant | -10/Exiles Resources | -11 -10 -10 -10 ----------- Run | Yrd Mat Min Exi Matter Collected 567 | 267 164 136 . Remotely . | . . . . Salvage Created 332 | 46 194 77 15 Parts 30 | 1 14 9 6 Haulers Intercepted 1 | . 1 . . Recyclers Shooed . | . . . . Parts Field Recycled . | . . . . Retrieved Matter . | . . . . Parts Self-Destructed . | . . . . Prevented . | . . . . Kills | -11 -10 -10 -10 ------- Run | Yrd Mat Min Exi Combat Hostiles Destroyed 11 | . 6 4 1 Guns 7 | . 6 1 . AOE 4 | . . 3 1 Classes Destroyed 8 | 1 4 2 1 Worker 1 | . . 1 . Builder 1 | . . 1 . Hauler 1 | . 1 . . Recycler 1 | 1 . . . Watcher 1 | . 1 . . Swarmer 7 | . 5 2 . Grunt 3 | . 1 2 . Assembled 1 | . . . 1 Best Kill Streak 3 | 1 2 3 2 Combat Bots Only 2 | . 2 2 1 Max Kills in Single Turn 2 | 1 1 2 1 Gunslinging . | . . . . Exploded 1 | . . 1 1 Melee . | . . . . Uniques/NPCs Destroyed 1 | . . . 1 EX-HEX (-10/Exiles) Combat | -11 -10 -10 -10 -------- Run | Yrd Mat Min Exi Hostile Shots Fired 119 | . 59 19 41 Missed 37 | . 17 8 12 Damage Taken 1032 | . 401 139 492 Core 257 | . 22 14 221 Absorbed by Shields . | . . . . Redirected to Shielding 17 | . . . 17 Core Remaining (%) 100 | 100 . . . Volleys Fired 50 | . 35 13 2 Largest 2 | . 2 2 2 Hottest 60 | . 60 50 60 Shots Fired 94 | . 70 19 5 Gun 86 | . 70 15 1 Cannon . | . . . . Launcher 8 | . . 4 4 Special . | . . . . Kinetic 83 | . 67 15 1 Thermal 3 | . 3 . . Explosive 8 | . . 4 4 Electromagnetic . | . . . . Robot Hit Streak 8 | . 8 7 3 Robot Miss Streak 4 | . 3 4 1 Penetration Max . | . . . . Secondary Targets 1 | . 1 . . Max Gunslinging Chain 1 | . 1 . . Shots Hit Robots 60 | . 43 14 3 Core Hits 27 | . 14 7 6 Critical Kills . | . . . . Critical Parts Destroyed 1 | . 1 . . Critical Strikes 1 | . 1 . . Destroy 1 | . 1 . . Melee Attacks . | . . . . Impact . | . . . . Slashing . | . . . . Piercing . | . . . . Sneak Attacks . | . . . . Combat Hostiles . | . . . . Follow-up Attacks . | . . . . Damage Inflicted 1010 | 1 454 375 180 Guns 538 | . 448 90 . Cannons . | . . . . Explosions 461 | . . 281 180 Melee . | . . . . Ramming 11 | 1 6 4 . Kinetic 503 | . 413 90 . Thermal 73 | . 35 38 . Explosive 423 | . . 243 180 Electromagnetic . | . . . . Impact . | . . . . Slashing . | . . . . Piercing . | . . . . Highest Corruption 2 | . 2 2 2 Average Corruption 2 | . 2 2 2 Corruption Purged . | . . . . Corruption Blocked . | . . . . Effects 12 | . 7 3 2 Message Errors 2 | . 2 . . Matter Fused 2 | . 1 . 1 Energy Discharges 3 | . 1 2 . Data Loss (minor) 4 | . 3 1 . Misfires 1 | . . . 1 Overload Shots . | . . . . Overflow Damage 8 | . . 8 . Projectiles . | . . . . Explosions 8 | . . 8 . Melee . | . . . . Knockbacks . | . . . . Impact . | . . . . Kinetic . | . . . . Secondary . | . . . . Self-Inflicted Damage 68 | . . 12 56 Shots 4 | . . 2 2 Rammed 2 | 1 1 . . Targets Rammed 4 | 2 1 1 . Kicked . | . . . . Crushed 2 | 1 . 1 . Highest Temperature 30 | . 30 22 1 Average Temperature 11 | . 12 10 1 Received Heat Transfer 171 | . 99 72 . Siege Activations . | . . . . Robots Corrupted . | . . . . Combat Hostiles . | . . . . Parts Fried . | . . . . Impact Corruptions . | . . . . Robots Melted . | . . . . Combat Hostiles . | . . . . Parts Melted . | . . . . Heat Transferred 125 | . 75 50 . Parts Sabotaged . | . . . . Parts Stolen . | . . . . Parts Stripped . | . . . . Power Chain Reactions . | . . . . Alert | -11 -10 -10 -10 ------- Run | Yrd Mat Min Exi Peak Influence 228 | 5 228 161 . Initial 39 | . 3 39 . Average 82 | 4 88 96 . Maximum Alert Level 1 | . 1 . . Low Security (%) 93 | 100 86 100 . Level 1 6 | . 13 . . Level 2 . | . . . . Level 3 . | . . . . Level 4 . | . . . . Level 5 . | . . . . High Security . | . . . . Max Security . | . . . . Squads Dispatched . | . . . . Investigation . | . . . . Extermination . | . . . . Reinforcement . | . . . . Assault . | . . . . Garrison . | . . . . Intercept . | . . . . Searches Triggered . | . . . . Construction Impeded . | . . . . Haulers Reinforced . | . . . . Active Scanning Responses . | . . . . Cargo Convoy Interrupts . | . . . . Stealth | -11 -10 -10 -10 --------- Run | Yrd Mat Min Exi Distress Signals . | . . . . Communications Jammed . | . . . . Distress Signals . | . . . . Times Spotted 29 | . 16 5 8 Peak Tracking Total 9 | . 5 3 9 Tactical Retreats 3 | . 3 . . Traps | -11 -10 -10 -10 ------- Run | Yrd Mat Min Exi Traps Triggered 1 | . 1 . . Indirectly . | . . . . Trap Hack Attempts . | . . . . Triggered . | . . . . Disarmed . | . . . . Reprogrammed . | . . . . Reused . | . . . . Traps Extracted . | . . . . Installed . | . . . . Triggered . | . . . . Machines | -11 -10 -10 -10 ---------- Run | Yrd Mat Min Exi Machines Disabled 2 | . . 1 1 Max in Single Turn 1 | . . 1 1 Machines Repaired . | . . . . Machines Dismantled . | . . . . Machines Sabotaged . | . . . . Overloaded Fab Kills . | . . . . Hacking | -11 -10 -10 -10 --------- Run | Yrd Mat Min Exi Machines Accessed 2 | . 2 . . Terminals 1 | . 1 . . Fabricators . | . . . . Repair Stations . | . . . . Recycling Units 1 | . 1 . . Scanalyzers . | . . . . Garrison Access . | . . . . Total Hacks 5 | . 5 . . Successful 2 | . 2 . . Failed 3 | . 3 . . Catastrophic . | . . . . Database Lockouts . | . . . . Manual 4 | . 4 . . Terminals 4 | . 4 . . Fabricators . | . . . . Repair Stations . | . . . . Recycling Units 1 | . 1 . . Scanalyzers . | . . . . Garrison Access . | . . . . Terminal Hacks 1 | . 1 . . Branch Access Points 1 | . 1 . . Fabricator Hacks . | . . . . Repair Station Hacks . | . . . . Recycling Unit Hacks 1 | . 1 . . Report Inventory 1 | . 1 . . Scanalyzer . | . . . . Garrison Access Hacks . | . . . . Unauthorized Hacks . | . . . . Terminals . | . . . . Fabricators . | . . . . Repair Stations . | . . . . Recycling Units . | . . . . Scanalyzers . | . . . . Garrison Access . | . . . . Data Cores Recovered . | . . . . Used . | . . . . Hacking Detections 2 | . 2 . . Full Trace Events . | . . . . Feedback Events . | . . . . Feedback Blocked . | . . . . Robot Schematics Acquired . | . . . . Robots Built . | . . . . Authchips . | . . . . Time . | . . . . Total Robot Build Rating . | . . . . Part Schematics Acquired . | . . . . Parts Built . | . . . . Authchips . | . . . . Time . | . . . . Total Part Build Rating . | . . . . Parts Repaired . | . . . . Time . | . . . . Parts Recycled . | . . . . Recycled Matter . | . . . . Retrieved Matter . | . . . . Retrieved Components . | . . . . Parts Scanalyzed . | . . . . Part Schematics Acquired . | . . . . Parts Damaged . | . . . . Bothacking | -11 -10 -10 -10 ------------ Run | Yrd Mat Min Exi Used RIF Installer . | . . . . Robots Hacked . | . . . . Non-combat . | . . . . Combat . | . . . . Robot Hacks Applied . | . . . . Relay Couplers Released . | . . . . Fabnet Peak Effective % . | . . . . Robots Rewired . | . . . . Allies Hacked . | . . . . Hacks Repelled . | . . . . Allies | -11 -10 -10 -10 -------- Run | Yrd Mat Min Exi Total Allies . | . . . . Largest Group . | . . . . Highest-Rated Group . | . . . . Highest-Rated Ally . | . . . . Total Orders . | . . . . Ally Attacks . | . . . . Total Damage . | . . . . Kills . | . . . . Allies Corrupted . | . . . . Allies Melted . | . . . . Intel | -11 -10 -10 -10 ------- Run | Yrd Mat Min Exi Robot Analysis Total . | . . . . Derelict Logs Recovered . | . . . . Drone Launches . | . . . . Drone Recoveries . | . . . . Exploration | -11 -10 -10 -10 ------------- Run | Yrd Mat Min Exi Turns Passed 1161 | 113 534 390 124 Spaces Moved 608 | 64 260 214 70 Core 5 | 3 . . 2 Treads 603 | 61 260 214 68 Legs . | . . . . Wheels . | . . . . Hover . | . . . . Flight . | . . . . Fastest Speed 50 | 50 160 160 160 Average Speed 159 | 154 160 160 161 Slowest Speed 200 | 160 160 160 200 Overloaded Moves . | . . . . Propulsion Burnouts . | . . . . Robots Hopped . | . . . . Cave-ins Triggered . | . . . . Exploration Rate (%) 27 | 7 44 36 24 Regions Visited 3 Branch Regions 2 Pre-discovered Areas . | . . . . Known Exits Taken 1 | . 1 . . Unknown Exits Taken 2 | 1 . 1 . Scrap Searched 3 | . . 3 . Spaces Dug . | . . . . Terrain Destroyed 36 | . . 36 . Melee . | . . . . Projectile . | . . . . AOE 36 | . . 36 . Terrain Rammed . | . . . . Walls Destroyed . | . . . . Machines Disabled . | . . . . Actions | -11 -10 -10 -10 --------- Run | Yrd Mat Min Exi Total 711 | 73 314 245 79 Wait 6 | . 6 . . Move 605 | 63 259 213 70 Hop . | . . . . Pick Up 11 | 1 7 3 . Fast Attach 11 | 6 2 3 . Attach 2 | . . 2 . Detach 4 | . 1 2 1 Swap 7 | 1 2 3 1 Drop 11 | . 1 5 5 Fire 50 | . 35 13 2 Melee . | . . . . Ram . | . . . . Kick . | . . . . Crush 4 | 2 1 1 . Escape Stasis . | . . . . Rewire . | . . . . Trap . | . . . . Miscellaneous . | . . . . Route ------- -11/Scrapyard -10/Materials (discovered 3 exits: [*Mat] / *Min x2) -10/Mines (discovered 2 exits: [*Mat] / [*Exi]) -10/Exiles (discovered 1 exit: [*Min]) History --------- Turn | Location | Event 74 | -11/Scrapyard | Discovered new exit (range 15) 114 | -11/Scrapyard | Entered Materials 228 | -10/Materials | Discovered new exit (range 14) 284 | -10/Materials | Identified exit to Mines 307 | -10/Materials | Build established: Mutant 311 | -10/Materials | Discovered new exit (range 4) 648 | -10/Materials | Entered Mines 876 | -10/Mines | Deemed a non-threat by the Exiles lab entrance 877 | -10/Mines | Discovered new exit (range 5) 953 | -10/Mines | Discovered new exit (range 13) 955 | -10/Mines | Lost 3 parts (1p1n1w) 1038 | -10/Mines | Entered Exiles 1078 | -10/Exiles | Discovered new exit (range 14) 1101 | -10/Exiles | Met 8R-AWN 1130 | -10/Exiles | Met EX-HEX 1146 | -10/Exiles | Attacked by the Exiles 1149 | -10/Exiles | Destroyed EX-HEX 1158 | -10/Exiles | Core integrity fell below 50% 1161 | -10/Exiles | Core integrity fell below 20% 1162 | -10/Exiles | Destroyed by as-73415 with Assembled Maul Last Messages --------------- 01146_ EXILES: Hostile robot within lab perimeter. Defensive protocols time, folks! 01149_ EX-HEX destroyed. 01149_ Assembled Analyzer disabled. 01150_ Lgt. Treads destroyed. 01152_ as-33625 destroyed. 01152_ Grenade Launcher destroyed. 01154_ Lgt. Ion Engine destroyed. 01157_ Penetrated by HV Slug. 01157_ HV Slug penetrates Machine. 01157_ Machine disabled. 01157_ HV Slug penetrates Machine. 01158_ Knocked back. 01159_ Dropped Sml. Laser. 01160_ Dropped Lgt. Assault Rifle. 01160_ Penetrated by HV Slug. 01160_ HV Slug penetrates Machine. 01161_ as-15920 destroyed. 01161_ Dropped Lgt. Assault Rifle. 01161_ Dropped Med. Storage Unit. Map ----- +----------------------------------------------------+ | ?????????????????????????????????????????????????? | | ?????????????????????????????????????????????????? | | ?????????????????????????????????????????????????? | | ?????????????????????????????????????????????????? | | ?????????????????????????????????????????????????? | | ?????????????????????????????????????????????????? | | ?????????????????????????????????????????????????? | | ?????????????????????????????????????????????????? | | ?????????????????????????????????????????????????? | | ?????????????????????????????????????????????????? | | ?????????????????????????????????????????????????? | | ?????????????????????????????????????????????????? | | ?????????????????????????????????????????????????? | | ?????????????????????????????????????????????????? | | ?????????????? #????????????????????????????????? | | ?????????????? #????###########????????????????? | | ????????????? #####"""""""""##???????????????? | | ????????????? " """ """"##??????????????? | | ???????????? "" " #??????????????? | | ???????????? " """#??????????????? | | ???????????? "a"#???????????#### | | ??????????? ##?????????##" | | ??????????? ""###???????#" | | ????????????"" """#??????##" | | ?????????????""" [a "#????### | | ???????????????##" [@% ##???# | | ?????????????????# [! % ##?## | | ?????????????????#"""" ### | | ?????????????????#"" g ## | | ?????????????????"""" #### | | ????????????????? ""#?#" | | ??????????????? a #"""##?## | | ??????????????? ######???? | | ??????????????? ##????????? | | ??????????????? " a ##?????????? | | ?????????????? "" """ a a ""#??????????? | | ??????????????#?""" " " ""#" "##??????????? | | ??????????????????##""" ""?##"""""""##???????????? | | ??????????????????????"""???########?????????????? | | ???????????????????????#?????????????????????????? | | ?????????????????????????????????????????????????? | | ?????????????????????????????????????????????????? | | ?????????????????????????????????????????????????? | | ?????????????????????????????????????????????????? | | ?????????????????????????????????????????????????? | | ?????????????????????????????????????????????????? | | ?????????????????????????????????????????????????? | | ?????????????????????????????????????????????????? | | ?????????????????????????????????????????????????? | | ?????????????????????????????????????????????????? | +----------------------------------------------------+ Best States ------------- Heat Dissipation 25 Energy Generation 10 Energy Capacity 250 Matter Stores 300 Matter Capacity 300 Sight Range 16 Robot Scan Range 14 Terrain Scan Range 14 Terrain Scan Density 10 Power Shielding 33 Evasion (%) 40 Recoil Reduction 2 Item Schematics ----------------- None Robot Schematics ------------------ None Fabricated ------------ Nothing Alien Tech Used ----------------- None Achievements -------------- None Challenges ------------ None Game ------ Seed AlertGuidanceSuit Manual? 0 Play Time 00:13:37 Cumulative 15.6 hours Start 2024.11.23 @ 23:02:58 End 2024.11.23 @ 23:15:05 Sessions 1 Manual Loads 0 Difficulty Rogue Special Mode None Game No. 11 Rogue 5 Adventurer 6 Explorer 0 Win Type - Total 0 Types 0/0/0/0/0/0/0/0/0 Lore% 8 Gallery% 19 Achievement% 15 Wizard Run 0 Options --------- Layout 1 ASCII 0 Keyboard 0 Movement Arrows Keybinds 0 Fullscreen 2 Font 24/Tamsyn Map View 50x35 Zoom Use 0% Tactical HUD 1 Map Filters NONE Filters NONE Steam 1 RUN: d938ddde-7e2f-4f7d-b6d5-8b0204767835